 Dungeon Crawl Stone Soup version 0.19-a0-1899-g2d93087 (webtiles) character file.

27 suicidejoker the Vexing (level 2, -1/11 HPs)
             Began as a Felid Enchanter on Oct 19, 2016.
             Slain by a rat (2 damage)
             ... on level 1 of the Dungeon.
             The game lasted 00:01:09 (1137 turns).

suicidejoker the Vexing (Felid Enchanter)           Turns: 1137, Time: 00:01:13

Health: -1/11      AC:  1    Str:  4    XL:     2   Next: 93%
Magic:  6/6        EV: 18    Int: 16    God:
Gold:   43         SH:  0    Dex: 16    Spells: 1 memorised, 4 levels left
                                        Lives:  0   Deaths: 0

rFire  . . .     SeeInvis +       - Unarmed
rCold  . . .     Gourm    .     (armour unavailable)
rNeg   . . .     Faith    .     (shield unavailable)
rPois  .         Spirit   .     (helmet unavailable)
rElec  .         Reflect  .     (cloak unavailable)
rCorr  .         Harm     .     (gloves unavailable)
MR     .....                    (boots unavailable)
Stlth  +++.......               (no amulet)
                                (no ring)
                                (no ring)

@: quick
A: no armour, no weapons or thrown items, stealth, claws 1, fangs 3, see
invisible, carnivore 3, speed 1, shaggy fur 1, slow metabolism 1, sharp paws
a: no special abilities


You were on level 1 of the Dungeon.
You were not hungry.

You visited 1 branch of the dungeon, and saw 1 of its levels.

You collected 43 gold pieces.

Inventory:

Scrolls
 c - a scroll of fog {unknown}
Potions
 d - 2 potions of curing {unknown}
Books
 a - a book of Maledictions

   Spells                             Type                      Level
   a - Corona                         Hexes                        1
   b - Ensorcelled Hibernation        Hexes/Ice                    2
   c - Confuse                        Hexes                        3
   d - Tukima's Dance                 Hexes                        3
   e - Dazzling Spray                 Conjuration/Hexes            3
Comestibles
 b - a meat ration


   Skills:
 + Level 2.9 Dodging
 + Level 4.7 Stealth
 + Level 1.2 Unarmed Combat
 + Level 2.2 Spellcasting
 + Level 4.8 Hexes


You had 4 spell levels left.
You knew the following spells:

 Your Spells              Type           Power        Failure   Level  Hunger
a - Corona                Hex            ###....      3%          1    #......


Dungeon Overview and Level Annotations

Branches:
Dungeon (1/15)

Altars:


Innate Abilities, Weirdness & Mutations

You cannot wear armour.
You are incapable of wielding weapons or throwing items.
Your paws allow you to move quietly. (Stealth)
You have sharp claws.
You have razor-sharp teeth.
You have supernaturally acute eyesight. (SInv)
You are carnivorous and can eat meat at any time.
You cover ground quickly.
You are covered in fur. (AC +1)
You have a slow metabolism.
Your sharp claws are effective at attacking unaware monsters.


Message History

You closely miss the hobgoblin. You bite the hobgoblin.
The hobgoblin is lightly wounded.
The bat hits you but does no damage. The hobgoblin completely misses you.
The rat bites you.
You scratch the bat.
You kill the bat!
The hobgoblin barely misses you. The rat bites you.
You scratch the hobgoblin.
The hobgoblin is moderately wounded.
The hobgoblin misses you. The rat bites you.
You scratch the hobgoblin.
The hobgoblin is severely wounded.
The hobgoblin misses you. The rat completely misses you.
You barely miss the hobgoblin.
You bite the hobgoblin, but do no damage.
The hobgoblin is severely wounded.
The hobgoblin hits you.
* * * LOW HITPOINT WARNING * * *
The rat bites you.
You die...

≈≈≈..≈≈≈≈≈.##....# #.#
≈≈≈.≈≈≈≈≈...##..## #.#
≈≈.≈≈≈≈.≈.###.###
..≈≈≈.≈....#..#
#.≈≈....≈....###########
#######.....##.........)
# #..######.# .........
... ########.r..#### #.#
#.......@g......
####.####.#####.....####
.............##.........
.............##.....####
.............##.....#
.............##.....#
..........†..###....#
.............# #....#
.............#


You could see a hobgoblin and a rat.

Vanquished Creatures
  3 dart slugs (D:1)
  4 bats (D:1)
  2 giant cockroaches (D:1)
  3 goblins (D:1)
  A hobgoblin (D:1)
  A kobold (D:1)
  A frilled lizard (D:1)
  4 rats (D:1)
19 creatures vanquished.

Notes
Turn   | Place    | Note
-------+----------+-------------------------------------------
     0 | D:1      | suicidejoker the Felid Enchanter began the quest for the Orb.
     0 | D:1      | Reached XP level 1. HP: 7/7 MP: 4/4
   404 | D:1      | Reached XP level 2. HP: 4/11 MP: 6/6
  1137 | D:1      | Slain by a rat

Vault maps used:
D:1:      dpeg_arrival_subterranean_lakeside_camping

Action                   || total
-------------------------++-------
Melee: Unarmed           ||    72
       Bite              ||     7
 Stab: Sleeping          ||     6
  Eat: Chunk             ||     2
Armor: Skin              ||     5
Dodge: Dodged            ||    77
